 Dungeon Crawl Stone Soup version 0.30-a0-359-gd0147acb1a (webtiles) character file.

Game seed: 8599076119404992508

187 mcwallace the Gusty (level 5, 0/31 HPs)
             Began as an Octopode Air Elementalist on Nov 11, 2022.
             Slain by an orc
             ... wielding a +0 club
              (2 damage)
             ... on level 4 of the Dungeon.
             The game lasted 00:06:46 (3781 turns).

mcwallace the Gusty (Octopode Air Elementalist)     Turns: 3781, Time: 00:06:47

Health: 0/31       AC:  1    Str:  7    XL:     5   Next: 66%
Magic:  4/9        EV: 14    Int: 19    God:
Gold:   245        SH:  0    Dex: 13    Spells: 7/10 levels left

rFire   . . .      SeeInvis +    r - +1 dagger (venom) {short}
rCold   . . .      Faith    .    (no shield)
rNeg    . . .      Spirit   .    (helmet restricted)
rPois   .          Reflect  .    v - amulet of magic regeneration {@e2}
rElec   .          Harm     .    k - ring of see invisible
rCorr   .          Rampage  .    (no ring)
Will    .....                    (no ring)
Stlth   +++.......               (no ring)
HPRegen 0.25/turn                (no ring)
MPRegen 0.51/turn                (no ring)
                                 (no ring)
                                 (no ring)

@: very slightly contaminated
A: almost no armour, amphibious, 8 rings, camouflage 1, gelatinous body 1,
(nimble swimmer 1), tentacles
a: no special abilities


You were on level 4 of the Dungeon.
You visited 1 branch of the dungeon, and saw 4 of its levels.

You collected 245 gold pieces.


Innate Abilities, Weirdness & Mutations

You cannot wear most types of armour.
You are amphibious.
You can wear up to eight rings at the same time.
Your skin changes colour to match your surroundings (Stealth+).
Your rubbery body absorbs attacks. (AC +1, EV +1)
((You are camouflaged when in or above water. (Stealth+)))
You have tentacles for arms and can constrict up to eight enemies at once.


   Skills:
 + Level 3.2 Dodging
 - Level 2.6 Stealth
 + Level 3.1 Spellcasting
 + Level 2.7 Conjurations
 + Level 4.0 Air Magic


You had 7 spell levels left.
You knew the following spells:

 Your Spells              Type           Power      Damage    Failure   Level
a - Shock                 Conj/Air       60%        1d6       3%          1
b - Static Discharge      Conj/Air       30%        2-4/arc   6%          2

Your spell library contained the following spells:

 Spells                   Type           Power      Damage    Failure   Level
 Swiftness                Air            18%        N/A       9%          3
 Airstrike                Air            9%         2d(2-18)  28%         4

Inventory:

Hand Weapons
 d - a +0 sling
   (You found it on level 1 of the Dungeon)
 f - a +0 hand axe {axe}
   (You found it on level 1 of the Dungeon)
 g - a +0 dagger {short}
   (You found it on level 1 of the Dungeon)
 r - a +1 dagger of venom (weapon) {short}
   (You took it off a goblin on level 3 of the Dungeon)
Missiles
 i - 14 stones {throwing}
Jewellery
 k - a ring of see invisible (left tentacle)
   (You found it on level 1 of the Dungeon)
 m - a ring of ice
   (You found it on level 2 of the Dungeon)
 v - an amulet of magic regeneration (around mantle) {@e2}
   (You found it on level 3 of the Dungeon)
Scrolls
 c - 2 scrolls of amnesia {unknown}
 h - 2 scrolls of magic mapping {unknown}
 l - 3 scrolls of teleportation {unknown}
 n - a scroll of immolation {unknown}
 p - a scroll of summoning {unknown}
 q - 2 scrolls of identify {unknown}
 t - a scroll of butterflies {unknown}
 x - a scroll of blinking {unknown}
 y - a scroll of enchant armour {unknown}
 A - a scroll of fear {unknown}
Potions
 a - 2 potions of magic
 b - a potion of degeneration {unknown}
 e - 2 potions of invisibility {unknown}
 j - a potion of berserk rage {unknown}
 o - 5 potions of curing {unknown}
 s - 2 potions of heal wounds {unknown}
 u - a potion of attraction {unknown}
 w - a potion of haste {unknown}
 z - a potion of mutation {unknown}

Dungeon Overview and Level Annotations

Branches:
Dungeon (4/15) Zot: 20216
 Temple: D:4-7

Altars:

...........# #........
...........##
#........
..<.........#
#........
............# #.......
............##
#....)..
.............#
#.......
.............###
#.......
...........)).)###
##......
#...........##)o@###
#......
#.........>.####...###
##...... .###.....o..#
####..#####....... #
##..oo...#
###..##..##....
#.......#
###...####...
######.....o# ###.#
##.. #.......)...# #.#
#.. #...........# #.#
#.. #...........# ##.
..


You could see an orc.


Message History

An orc comes into view.
It is wielding a +0 whip. 😮 HP[+1] MP[-1]
You lost 1 mp, and now have 8/9 mp.
Aiming: Shock (safe; 4% risk of failure)
Press: ? - help, Q - select action, (/) - cycle Shift-Dir - straight line, f/p - orc
Aim: an orc, wielding a +0 club and wearing a +0 leather armour (heavily wounded, 71% to hit)
The zap hits the orc.
You kill the orc!
The orc shouts!
You hear a shout!
The orc wizard casts a spell at you.
The orc wizard resists with some effort.
The orc wizard casts a spell at you.
The magic dart hits you! 😮 HP[-7] MP[+1]
You take 7 damage, and now have 16/31 hp.
MASSIVE DAMAGE!! (PAUSE)
Your mp is fully restored (9). 😮 HP[+1]
Your magical contamination has completely faded away. 😮 HP[+1]
The orc wizard gestures at you while chanting.
The magic dart hits you!
* * * LOW HITPOINT WARNING * * *
😨 HP[-7]
You take 7 damage, and now have 11/31 hp.
MASSIVE DAMAGE!! (PAUSE)
Aiming: Shock (safe; 4% risk of failure)
Press: ? - help, Q - select action, (/) - cycle Shift-Dir - straight line The zap misses the orc wizard.
The zap hits the orc wizard. 😨 HP[+1] MP[-1]
You lost 1 mp, and now have 8/9 mp.
Aiming: Shock (safe; 4% risk of failure)
Press: ? - help, Q - select action, (/) - cycle Shift-Dir - straight line The zap hits the orc wizard.
The zap hits the orc.
The zap hits the orc wizard but does no damage.
The orc wizard points at you and mumbles some strange words.
The magic dart hits you.
* * * LOW HITPOINT WARNING * * *
😱 HP[-6]
You take 6 damage, and now have 6/31 hp.
Aiming: Shock (safe; 4% risk of failure)
Press: ? - help, Q - select action, (/) - cycle Shift-Dir - straight line, f - orc
Aim: an orc, wielding a +0 hand axe and wearing a +0 leather armour (heavily wounded, 71% to hit)
The zap hits the orc wizard.
The zap misses the orc wizard.
The zap hits the orc wizard but does no damage.
The zap hits the orc.
You kill the orc! 😱 MP[-1]
You lost 1 mp, and now have 7/9 mp.
Aiming: Shock (safe; 4% risk of failure)
Press: ? - help, Q - select action, (/) - cycle Shift-Dir - straight line The zap hits the orc wizard. x3; The zap hits the orc.
The orc wizard hits you with a +0 dagger.
* * * LOW HITPOINT WARNING * * *
😱 HP[-4]
You take 4 damage, and now have 2/31 hp.
Aiming: Shock (safe; 4% risk of failure)
Press: ? - help, Q - select action, (/) - cycle Shift-Dir - straight line, f - orc
Aim: an orc, wielding a +0 whip (71% to hit)
The zap hits the orc wizard. x2; The zap misses the orc wizard.
The zap hits the orc.
You kill the orc!
The zap hits the orc.
The orc wizard hits you but does no damage.
The orc wizard gestures at you while chanting.
The puff of flame hits the orc wizard!
The orc wizard dies!
Your Spellcasting skill increases to level 3! 😱 HP[+1] MP[-1]
You lost 1 mp, and now have 6/9 mp.
Aiming: Shock (safe; 4% risk of failure)
Press: ? - help, Q - select action, (/) - cycle Shift-Dir - straight line, p - orc The zap misses the orc wizard.
The zap hits the orc wizard.
The zap misses the orc.
Aiming: Shock (safe; 4% risk of failure)
Press: ? - help, Q - select action, (/) - cycle Shift-Dir - straight line You miscast Shock.
You are very lightly contaminated with residual magic.
Nothing appears to happen.
The orc wizard hits you with a +0 dagger.
* * * LOW HITPOINT WARNING * * *
😱 HP[-2] MP[-1]
You take 2 damage, and now have 1/31 hp.
You lost 1 mp, and now have 5/9 mp.
Aiming: Shock (safe; 4% risk of failure)
Press: ? - help, Q - select action, (/) - cycle Shift-Dir - straight line The zap hits the orc wizard.
You kill the orc wizard!
The zap hits the orc wizard.
The zap hits the orc.
Your Air Magic skill increases to level 4!
Aiming: Shock (safe; 3% risk of failure)
Press: ? - help, Q - select action, (/) - cycle Shift-Dir - straight line, f - orc wizard
Aim: an orc wizard, wielding a +0 dagger and wearing a +0 robe (almost dead, 64% to hit)
The zap hits the orc.
The zap hits the orc wizard.
You kill the orc wizard!
The zap hits the orc.
You kill the orc!
The orc hits you with a +0 club.
You die...

Skill      XL: |  1  2  3  4  5 |
---------------+----------------+-----
Conjurations   | 2 |  2.7
Dodging        | 3 |  3.2
Spellcasting   | 3 |  3.1
Air Magic      | 4 |  4.0
Stealth        | |  2.6

Action                   |  1- 3 |  4- 6 || total
-------------------------+-------+-------++-------
Melee: Hand axe          |    12 |       ||    12
       Constrict         |     5 |       ||     5
       Tentacles         |     4 |       ||     4
       Punch             |     1 |       ||     1
 Cast: Shock             |    73 |    60 ||   133
       Static Discharge  |     2 |       ||     2
Armor: Skin              |     3 |     2 ||     5
Dodge: Dodged            |    12 |     2 ||    14

Levels and vault maps discovered:
D:1:      minmay_arrival_radiant_lines, layout_basic, due_unseen_surprise
D:2:      layout_basic, dreamdust_ecumenical_altar_drowned_temple
D:3:      layout_loops_corners, corexii_item_surrounded_by_moat
D:4:      layout_cave_pods, jmf_multi_god_temple2

Notes
Turn   | Place    | Note
-------+----------+-------------------------------------------
     0 | D:1      | mcwallace the Octopode Air Elementalist began the quest for
                  | the Orb.
     0 | D:1      | Reached XP level 1. HP: 11/11 MP: 3/3
     0 | D:1      | magus.rc [v1.9.6]
   363 | D:1      | Reached XP level 2. HP: 9/17 MP: 0/5
  1161 | D:2      | Reached XP level 3. HP: 21/21 MP: 0/6
  1349 | D:2      | Learned a level 2 spell: Static Discharge
  1608 | D:2      | Found a faded altar of an unknown god.
  2197 | D:2      | Reached skill level 2 in Conjurations
  2197 | D:2      | Reached XP level 4. HP: 12/27 MP: 1/7
  2203 | D:2      | HP: 6/27 [poisoned by an adder]
  3151 | D:3      | Noticed a scorpion
  3631 | D:4      | Reached skill level 3 in Dodging
  3695 | D:4      | Reached XP level 5. HP: 31/31 MP: 6/9
  3774 | D:4      | HP: 6/31 [orc wizard/magic dart (6)]
  3776 | D:4      | HP: 2/31 [orc wizard/+0 dagger (4)]
  3778 | D:4      | Reached skill level 3 in Spellcasting
  3781 | D:4      | Reached skill level 4 in Air Magic
  3781 | D:4      | Slain by an orc

Vanquished Creatures
  2 orc wizards (D:4)
  7 adders
  2 worms
  2 dart slugs
  7 orcs (D:4)
  5 bats
  An endoplasm (D:2)
  A giant cockroach (D:2)
  7 goblins
  6 hobgoblins
  2 jackals (D:3)
  5 kobolds
  6 quokkas
  5 ball pythons
  2 frilled lizards
  3 rats
  A spectral kobold (D:2)
64 creatures vanquished.

Vanquished Creatures (others)
  An orc wizard (D:4)
1 creature vanquished.

Grand Total: 65 creatures vanquished

Table legend:
 A = Non-vault XP
 B = Vault XP
 C = Vault XP percentage of total XP
 D = Non-vault monster count
 E = Vault monster count
 F = Vault count percentage of total count
                 A         B        C        D         E       F
            +---------+---------+-------+---------+---------+-------
      Total |     303 |       1 |   0.3 |      64 |       1 |   1.5
            +---------+---------+-------+---------+---------+-------
        D:1 |      26 |       0 |   0.0 |      15 |       0 |   0.0
        D:2 |      66 |       1 |   1.5 |      23 |       1 |   4.2
        D:3 |      55 |       0 |   0.0 |      10 |       0 |   0.0
        D:4 |     156 |       0 |   0.0 |      16 |       0 |   0.0
            +---------+---------+-------+---------+---------+-------

Illustrated notes

Table legend:
 A = Kills in this place as a percentage of kills in entire the game.
 B = Kills by you in this place as a percentage of kills by you in the entire game.
 C = Kills by friends in this place as a percentage of kills by friends in the entire game.
 D = Other kills in this place as a percentage of other kills in the entire game.
 E = Experience gained in this place as a percentage of experience gained in the entire game.
 F = Experience gained in this place divided by the number of levels of this place that you have seen.
                   A       B       C       D       E      F
               +-------+-------+-------+-------+-------+----------------------
         Total | 100.0 | 100.0 |   N/A | 100.0 | 100.0 |  76.0
       Dungeon | 100.0 | 100.0 |   N/A | 100.0 | 100.0 |  76.0
               +-------+-------+-------+-------+-------+----------------------

Table legend: (Time is in decaauts)
 A = Elapsed time spent in this place.
 B = Non-inter-level travel time spent in this place.
 C = Inter-level travel time spent in this place.
 D = Time resting spent in this place.
 E = Time spent auto-exploring this place.
 F = Levels seen in this place.
 G = Mean time per level.
                   A        B        C        D        E       F      G
               +--------+--------+--------+--------+--------+-----+--------+
         Total |   3782 |   3735 |     47 |    100 |   3156 |   4 |  945.5 |
       Dungeon |   3782 |   3735 |     47 |    100 |   3156 |   4 |  945.5 |
               +--------+--------+--------+--------+--------+-----+--------+

Top non-repeatable levels by time:
     D:2: 1420 daAuts
     D:3: 1136 daAuts
     D:1: 1002 daAuts
     D:4: 222 daAuts
